 Dungeon Crawl Stone Soup version 0.31-a0-1019-g3dd9dd1025 (webtiles) character file.

Game seed: 12351473109430369520

11 Azuregosa the Sneak (level 2, -4/21 HPs)
             Began as an Octopode Delver on Nov 17, 2023.
             Slain by a water moccasin zombie (7 damage)
             ... in an ossuary.
             The game lasted 00:01:28 (190 turns).

Azuregosa the Sneak (Octopode Delver)                Turns: 190, Time: 00:01:28

Health: -4/21      AC:  1    Str: 11    XL:     2   Next: 25%
Magic:  2/2        EV: 13    Int: 12    God:
Gold:   12         SH:  0    Dex: 13    Spells: 1/1 levels left

rFire   . . .        a - +0 mace
rCold   . . .        (no shield)
rNeg    . . .        (helmet restricted)
rPois   .            (no amulet)
rElec   .            (no ring)
rCorr   .            (no ring)
SInv    .            (no ring)
Will    .....        (no ring)
Stlth   ++++         (no ring)
HPRegen 0.23/turn    (no ring)
MPRegen 0.08/turn    (no ring)
                     (no ring)

%: no passive effects
@: no status effects
A: almost no armour, amphibious, 8 rings, camouflage 1, gelatinous body 1,
(nimble swimmer 1), tentacles
a: no special abilities


You were in an ossuary.
You visited 1 branch of the dungeon, and saw 2 of its levels.
You also visited: Ossuary.

You collected 12 gold pieces.

Inventory:

Hand Weapons
 a - a +0 mace (weapon)
Wands
 f - a wand of digging (3)
Scrolls
 b - a scroll of fog
 c - a scroll of blinking {unknown}
 d - a scroll of fear
Potions
 e - a potion of haste


   Skills:
 + Level 3.1 Fighting
 + Level 2.2 Maces & Flails
 + Level 2.2 Dodging
 + Level 6.8 Stealth


You had one spell level left.
You didn't know any spells.
Your spell library was empty.

Dungeon Overview and Level Annotations

Branches:
Dungeon (5/15)            Ossuary (1/1)
 Temple: D:4-7

Altars:

Shops:
D:4 *


Innate Abilities, Weirdness & Mutations

You cannot wear most types of armour.
You are amphibious.
You can wear up to eight rings at the same time.
Your skin changes colour to match your surroundings (Stealth+).
Your rubbery body absorbs attacks. (AC +1, EV +1)
((You are camouflaged when in or above water. (Stealth+)))
You have tentacles for arms and can constrict up to eight enemies at once.


Message History

The adder zombie bites you.
You sock the adder zombie!
The adder zombie is almost destroyed.
You constrict the adder zombie. The adder zombie barely misses you.
You barely miss the adder zombie. You squeeze the adder zombie.
You destroy the adder zombie!
You start resting.
HP restored.
There is an open door here.
You open the door.
An orc zombie, an adder zombie, 2 water moccasin zombies and 2 kobold zombies come into view.
You hit the water moccasin zombie.
Your grab misses the water moccasin zombie.
You squeeze the water moccasin zombie.
The water moccasin zombie is lightly damaged.
The water moccasin zombie bites you but does no damage. x2
You hit the water moccasin zombie. You grab the water moccasin zombie.
The water moccasin zombie is lightly damaged.
You constrict the water moccasin zombie.
The water moccasin zombie bites you. x2
You hit the water moccasin zombie. You squeeze the water moccasin zombie!
The water moccasin zombie is heavily damaged.
You constrict the water moccasin zombie.
The water moccasin zombie barely misses you.
You hit the water moccasin zombie.
Your squeeze misses the water moccasin zombie.
The water moccasin zombie is severely damaged.
You constrict the water moccasin zombie.
The water moccasin zombie bites you.
You thump the water moccasin zombie!
The water moccasin zombie is almost destroyed.
You constrict the water moccasin zombie.
The water moccasin zombie closely misses you.
The water moccasin zombie bites you.
* * * LOW HITPOINT WARNING * * *
You hit the water moccasin zombie but do no damage.
The water moccasin zombie is almost destroyed.
You constrict the water moccasin zombie.
The water moccasin zombie bites you!
You die... ##+## #..Z# #...# #.Z.# ZZZ

##Z## #.@.#
#...##### ###
#...#...#!!!?#
#...'.∩.#?/?!+
#∩..#...#?!!?#
######### ###


You could see an adder zombie, 2 water moccasin zombies, 2 kobold zombies and an
orc zombie (dormant).

Vanquished Creatures
  An adder zombie (Ossuary)
  An endoplasm (D:4)
  4 jackals (D:4)
  A hobgoblin zombie (Ossuary)
7 creatures vanquished.

Notes
Turn   | Place    | Note
-------+----------+-------------------------------------------
     0 | D:5      | Azuregosa the Octopode Delver began the quest for the Orb.
     0 | D:5      | Reached XP level 1. HP: 16/16 MP: 1/1
    58 | D:4      | Found Ikuyvob's Fire Supplies.
    86 | D:4      | Found a sand-covered staircase.
    92 | D:4      | Reached XP level 2. HP: 9/21 MP: 2/2
   138 | Ossuary  | Entered an ossuary
   190 | Ossuary  | Slain by a water moccasin zombie

Illustrated notes

Levels and vault maps discovered:
D:4:      layout_gridville, nicolae_overflow_crystal_walls,
          mainiacjoe_overflow_concentric_impassable,
          nicolae_ossuary_entry_monument, nicolae_shop_fire_sale
          [nicolae_sub_dead_trees], uniq_grinder, uniq_edmund
D:5:      layout_loops_ring, lemuel_doored_altar, zin_purify, minivault_5
Ossuary:  ossuary_tomb_2

Action                     || total
---------------------------++-------
  Melee: Mace              ||    19
         Constrict         ||     4
         Tentacles         ||     4
    Use: Scroll            ||     2
   Stab: Sleeping          ||     1
 Armour: Skin              ||    15
  Dodge: Dodged            ||     9

Table legend: (Time is in decaauts)
 A = Elapsed time spent in this place.
 B = Non-inter-level travel time spent in this place.
 C = Inter-level travel time spent in this place.
 D = Time resting spent in this place.
 E = Time spent auto-exploring this place.
 F = Levels seen in this place.
 G = Mean time per level.
                   A        B        C        D        E       F      G
               +--------+--------+--------+--------+--------+-----+--------+
         Total |    194 |    194 |      0 |     60 |      0 |   3 |   64.7 |
       Dungeon |    139 |    139 |      0 |     38 |      0 |   2 |   69.5 |
       Ossuary |     55 |     55 |      0 |     22 |      0 |   1 |   55.0 |
               +--------+--------+--------+--------+--------+-----+--------+

Top non-repeatable levels by time:
     D:4: 108 daAuts
 Ossuary: 55 daAuts
     D:5: 31 daAuts
